 Dungeon Crawl Stone Soup version 0.19.1-28-ge1247f7 (webtiles) character file.

1495 sighowe the Covered (level 8, -5/50 HPs)
             Began as a Gargoyle Fighter on Nov 12, 2016.
             Was a Believer of Zin.
             Killed by divine providence
             ... invoked by an orc priest
              (11 damage)
             ... on level 6 of the Dungeon on Jan 21, 2017.
             The game lasted 00:34:08 (5176 turns).

sighowe the Covered (Gargoyle Fighter)              Turns: 5176, Time: 00:34:08

Health: -5/50      AC: 17    Str: 24    XL:     8   Next: 81%
Magic:  8/9        EV:  7    Int:  9    God:    Zin [**....]
Gold:   87         SH:  3    Dex: 10    Spells: 0 memorised, 7 levels left

rFire  . . .     SeeInvis +     I - +1 war axe (elec)
rCold  . . .     Gourm    .     C - +0 plate armour
rNeg   + . .     Faith    .     (no shield)
rPois  ∞         Spirit   .     (no helmet)
rElec  +         Reflect  +     (no cloak)
rCorr  .         Harm     .     (no gloves)
MR     .....                    (no boots)
Stlth  ..........               w - +3 amulet of reflection
                                k - ring of flight
                                m - ring of see invisible

@: vitalised
A: negative energy resistance 1, electricity resistance, unbreathing,
petrification resistance, rot immunity, subdued magic 1, AC +5
a: Recite, Vitalisation, Donate Gold, Renounce Religion, Evoke Flight


You were on level 6 of the Dungeon.
You worshipped Zin.
Zin was pleased with you.
You were not hungry.

You visited 2 branches of the dungeon, and saw 7 of its levels.

You collected 317 gold pieces.
You donated 230 gold pieces to Zin.

Inventory:

Hand Weapons
 a - a +0 flail
 o - a +0 whip
 s - a +1 hand axe of chopping
 E - a +0 flail
 I - a +1 war axe of electrocution (weapon)
 K - a +0 quarterstaff of draining
Armour
 b - a +0 scale mail
 c - a +0 shield
 r - a +0 scale mail
 A - a +0 robe
 C - a +0 plate armour (worn)
Jewellery
 k - a ring of flight (right hand)
 m - a ring of see invisible (left hand)
 q - an uncursed ring of ice
 w - a +3 amulet of reflection (around neck)
 x - a -2 ring of dexterity
 M - an uncursed ring of loudness
Wands
 f - a wand of lightning (5/15)
 y - a wand of iceblast (7/15)
Scrolls
 j - a scroll of remove curse
 n - 8 scrolls of identify {unknown}
 p - 3 scrolls of teleportation {unknown}
 B - a scroll of recharging {unknown}
 F - a scroll of enchant weapon {unknown}
 H - a scroll of immolation {unknown}
 L - a scroll of enchant armour {unknown}
Potions
 d - 2 potions of might
 e - 3 potions of brilliance {unknown}
 h - 2 potions of cancellation {unknown}
 i - 2 potions of flight {unknown}
 t - 2 potions of lignification
 v - 2 potions of heal wounds {unknown}
 D - a potion of curing {unknown}
 G - a potion of haste {unknown}
 J - a potion of experience {unknown}
Comestibles
 g - 2 meat rations
 l - 3 fruits
 u - a slice of pizza
 z - 4 bread rations


   Skills:
 + Level 5.4 Fighting
 + Level 5.8(6.2) Axes
 + Level 3.4(5.3) Maces & Flails
 + Level 5.9 Armour
 + Level 1.2 Dodging
 + Level 5.6 Shields
 + Level 1.9 Invocations
 + Level 0.3 Evocations


You had 7 spell levels left.
You didn't know any spells.

Dungeon Overview and Level Annotations

Branches:
Dungeon (6/15)             Temple (1/1) D:4

Altars:
Cheibriados
Dithmenos
Elyvilon
Fedhas
Gozag
Kikubaaqudgha
Okawaru
Qazlal
Sif Muna
Trog
Vehumet
Xom
Yredelemnul
Zin
The Shining One


Innate Abilities, Weirdness & Mutations

You are resistant to torment.
Your stone body is resilient. (AC +5)
You are immune to poison.
You resist negative energy. (rN+)
You are resistant to electric shocks. (rElec)
You can survive without breathing.
You are immune to petrification.
You are immune to rotting.
Your spells are a little easier to cast, but a little less powerful.


Message History

You barely miss the orc warrior.
The orc warrior is severely wounded.
The orc shouts!
The orc priest invokes the aid of Beogh against you.
Beogh smites you!
* * * LOW HITPOINT WARNING * * *
The orc warrior hits you with a scimitar.
* * * LOW HITPOINT WARNING * * *
You hear a shout! x2
Zin grants you divine stamina.
You hear a shout! x3
The orc warrior completely misses you.
The orc priest miscasts a cantrip.
The orc priest calls down the wrath of Beogh upon you.
Beogh smites you! Zin protects you from harm!
The orc priest mumbles some strange prayers to Beogh against you.
Beogh smites you!
You die...
Xom howls with laughter!

#.# #.##.# #.##$#
#.##o# #.##.# #.##o#
#.##.#
##.##.###############
.........oo...o.@...#
#.#################.#
#.# ..# ###


You could see an orc warrior, an orc priest and an orc.

Vanquished Creatures
  The ghost of elan the Martial Artist, a novice OpTm of Ru (D:6)
  The ghost of Mixedsea the Archer, an amateur CeHu (D:5)
  Menkaure (D:6)
  An ice beast (D:5)
  A phantom (D:4)
  An ogre (D:4)
  2 water moccasin zombies
  An orc priest (D:4)
  Terence (D:2)
  An orc wizard (D:5)
  2 worker ants (D:4)
  3 gnolls (D:2)
  A howler monkey skeleton (D:6)
  7 adders
  3 oozes
  2 worms
  2 dart slugs
  3 leopard geckos
  8 orcs
  5 giant cockroaches
  4 goblins
  6 hobgoblins
  9 jackals
  6 bats
  6 frilled lizards
  7 kobolds
  A quokka zombie (D:5)
  9 rats
95 creatures vanquished.

Notes
Turn   | Place    | Note
-------+----------+-------------------------------------------
     0 | D:1      | sighowe the Gargoyle Fighter began the quest for the Orb.
     0 | D:1      | Reached XP level 1. HP: 14/14 MP: 1/1
   322 | D:1      | Reached XP level 2. HP: 19/19 MP: 2/2
   747 | D:1      | Reached XP level 3. HP: 23/23 MP: 3/3
  1017 | D:2      | Found a stormy altar of Qazlal.
  1466 | D:2      | Reached XP level 4. HP: 28/28 MP: 4/4
  1687 | D:2      | Noticed Terence
  1709 | D:2      | Killed Terence
  1747 | D:2      | Found a shimmering altar of Xom.
  1759 | D:2      | Became a worshipper of Xom of Chaos
  1915 | D:2      | Reached XP level 5. HP: 33/33 MP: 5/5
  2041 | D:2      | XOM: harmless Hex miscast
  2433 | D:2      | XOM: harmless Tloc miscast
  2527 | D:3      | Reached skill level 1 in Axes
  2594 | D:3      | XOM: harmless Air miscast
  2657 | D:3      | XOM is BORED!
  2657 | D:3      | XOM: harmless Ice miscast
  2830 | D:3      | Upgraded the game from 0.19.0-19-g8c6edcc to 0.19.1-28-ge1247f7
  3066 | D:4      | XOM: blink monster(s)
  3073 | D:4      | Reached skill level 1 in Dodging
  3131 | D:4      | Reached XP level 6. HP: 36/38 MP: 6/6
  3328 | D:4      | Found a staircase to the Ecumenical Temple.
  3345 | Temple   | Entered the Ecumenical Temple
  3424 | Temple   | XOM: give mutation
  3424 | Temple   | Gained mutation: Your spells are a little easier to cast, but a little less powerful. [Xom's mischief]
  3488 | Temple   | Fell from the grace of Xom
  3488 | Temple   | Became a worshipper of Zin the Law-Giver
  3488 | Temple   | Reached * piety under Zin
  4056 | D:4      | Noticed a phantom
  4089 | D:4      | Killed a phantom
  4089 | D:4      | Reached XP level 7. HP: 40/43 MP: 7/7
  4143 | D:4      | Donated 111 gold pieces to Zin
  4197 | D:5      | Entered Level 5 of the Dungeon
  4378 | D:5      | Noticed Mixedsea's ghost (amateur CeHu)
  4384 | D:5      | Killed Mixedsea's ghost
  4384 | D:5      | Reached skill level 5 in Armour
  4384 | D:5      | Reached skill level 5 in Shields
  4399 | D:5      | Reached ** piety under Zin
  4504 | D:5      | Reached XP level 8. HP: 40/48 MP: 8/8
  4733 | D:5      | Donated 88 gold pieces to Zin
  4814 | D:6      | Noticed Menkaure
  4847 | D:6      | Killed Menkaure
  4847 | D:6      | Reached skill level 1 in Invocations
  5054 | D:6      | Noticed elan's ghost (novice OpTm)
  5063 | D:6      | Killed elan's ghost
  5063 | D:6      | Reached skill level 5 in Fighting
  5063 | D:6      | Reached skill level 5 in Axes
  5173 | D:6      | Zin protects you from harm!
  5176 | D:6      | Killed from afar by an orc priest

Skill      XL: |  1  2  3  4  5  6  7  8 |
---------------+-------------------------+-----
Maces & Flails | 3 |  3.4
Shields        | 4 5 |  5.6
Axes           | 2 3 4 5 |  5.8
Armour         | 4 5 |  5.9
Dodging        | 1 |  1.2
Fighting       | 4 5 |  5.4
Invocations    | 1 |  1.9
Evocations     | |  0.3

Action                   |  1- 3 |  4- 6 |  7- 9 || total
-------------------------+-------+-------+-------++-------
Melee: Flail             |    99 |       |       ||    99
       Hand axe          |       |   213 |    30 ||   243
       War axe           |       |       |    42 ||    42
Invok: Recite            |       |       |     2 ||     2
       Vitalisation      |       |       |     2 ||     2
       Donate Gold       |       |       |     2 ||     2
 Abil: Evoke Flight      |     2 |       |       ||     2
Evoke: Wand              |       |       |     2 ||     2
  Use: Potion            |       |     1 |       ||     1
       Scroll            |       |       |     2 ||     2
  Eat: Fruit             |     1 |     2 |       ||     3
       Chunk             |     1 |       |       ||     1
       Bread ration      |       |     2 |       ||     2
       Meat ration       |       |       |     1 ||     1
Armor: Scale mail        |    53 |    71 |       ||   124
       Plate armour      |       |    51 |    43 ||    94
Dodge: Dodged            |    28 |    59 |    12 ||    99
Block: Shield            |    53 |   115 |    19 ||   187
       Other             |       |       |     6 ||     6
